 Dungeon Crawl Stone Soup version 0.28.0 (webtiles) character file.

Game seed: 10265619320227988765

2 cbfl8 the Sneak (level 1, -1/19 HPs)
             Began as a Minotaur Delver on Feb 14, 2022.
             Succumbed to a kobold brigand's poison
             ... on level 5 of the Dungeon.
             The game lasted 00:00:34 (79 turns).

cbfl8 the Sneak (Minotaur Delver)                     Turns: 79, Time: 00:00:35

Health: -1/19      AC: 14    Str: 16    XL:     1   Next: 25%
Magic:  0/0        EV:  0    Int:  7    God:
Gold:   0          SH:  0    Dex: 11    Spells: 0/0 levels left

rFire   . . .      SeeInvis .   a - +0 hand axe
rCold   . . .      Faith    .   (no shield)
rNeg    . . .      Spirit   .   i - +0 crystal plate armour
rPois   .          Reflect  .   (helmet restricted)
rElec   .          Harm     .   (no cloak)
rCorr   .          Rampage  .   (no gloves)
Will    .....                   (no boots)
Stlth   ..........              (no amulet)
HPRegen 0.06/turn               (no ring)
MPRegen 0.07/turn               (no ring)

@: lethally poisoned (-1 -> -9)
A: horns 2, retaliatory headbutt
a: no special abilities


You were on level 5 of the Dungeon.
You visited 1 branch of the dungeon, and saw 1 of its levels.

Inventory:

Hand Weapons
 a - a +0 hand axe (weapon)
Armour
 b - a +0 leather armour
 i - a +0 crystal plate armour (worn)
Wands
 g - a wand of digging (3)
Scrolls
 c - a scroll of fog
 d - a scroll of magic mapping
Potions
 f - a potion of haste
 h - a potion of flight {unknown}


   Skills:
 + Level 3.6 Fighting
 + Level 2.4 Axes
 + Level 2.3 Dodging
 + Level 4.1 Stealth


You couldn't memorise any spells.
You didn't know any spells.
Your spell library was empty.

Dungeon Overview and Level Annotations

Branches:
Dungeon (5/15)
 Temple: D:4-7

Altars:


Innate Abilities, Weirdness & Mutations

You have a pair of horns on your head.
You reflexively headbutt those who attack you in melee.


Message History

The kobold brigand shouts!
You hit the kobold.
The kobold is moderately wounded.
The kobold hits you with a +0 short sword.
You barely miss the kobold.
The kobold is moderately wounded.
The kobold hits you but does no damage.
You miss the kobold.
The kobold is moderately wounded.
The kobold hits you but does no damage.
The kobold brigand throws a poisoned dart.
The poisoned dart hits you!
You are poisoned.
The kobold hits you but does no damage.
You closely miss the kobold. Your punch misses the kobold.
The kobold is moderately wounded.
You feel very sick.
The kobold brigand throws a poisoned dart.
The poisoned dart hits you!
You are lethally poisoned!
The kobold hits you but does no damage.
You feel very sick.
You see here a +0 short sword.
* * * LOW HITPOINT WARNING * * *
You feel very sick.
The kobold brigand hits you but does no damage.
The kobold hits you but does no damage.
You hit the kobold brigand.
The kobold brigand is lightly wounded.
You hit the kobold.
You kill the kobold!
* * * LOW HITPOINT WARNING * * *
You feel very sick.
A kobold comes into view. It is wielding a +0 whip.
The kobold brigand hits you but does no damage.
As you read the scroll of fear, it crumbles to dust.
You assume a fearsome visage.
The kobold brigand looks frightened!
The kobold looks frightened!
The kobold shouts!
You die...

>...## #.......# .#
.....###.......###.## #
......##.##.....#...###..
....#.....####..#...#....
...##.#..## #...........
...#####..## ###.....##..
...# #..#. #..........
...# ##...###.)).#.....
.... ##.......K@### #..#
.... ..........## ..
..###...### #..K...#
##.......#
........##.K...
#......... ....
........... ##.
............


You could see a kobold brigand (fleeing) and a kobold (fleeing).

Vanquished Creatures
  2 kobolds (D:5)
2 creatures vanquished.

Vanquished Creatures (others)
  3 plants (D:5)
3 creatures vanquished.

Grand Total: 5 creatures vanquished

Notes
Turn   | Place    | Note
-------+----------+-------------------------------------------
     0 | D:5      | cbfl8 the Minotaur Delver began the quest for the Orb.
     0 | D:5      | Reached XP level 1. HP: 19/19 MP: 0/0
    70 | D:5      | Noticed a kobold brigand
    79 | D:5      | Succumbed to a kobold brigand's poison

Illustrated notes

Levels and vault maps discovered:
D:5:      layout_cave_pools, nicolae_hepliaklqana_monster_ancestors,
          serial_bayou_pond_e, amethyst_killhole, uniq_ijyb

Action                   || total
-------------------------++-------
Melee: Hand axe          ||    10
  Use: Scroll            ||     1
Armor: Crystal plate arm ||    11
